MID
ATLANTA (MID) BRAVES @ WEST VIRGINIA POWER
08/10/2044
 
TOP OF THE 1ST
Atlanta (MID) Braves batting - Pitching for West Virginia Power : RHP Dave Weinraub
Pitching: RHP Dave Weinraub
Batting: LHB Travis Lazaro 0-0: Ball
1-0: Foul Ball, location: 2F
1-1: Ball
2-1: Foul Ball, location: 2F
2-2: Ball
3-2: Foul Ball, location: 2F
3-2: Strikes out swinging
Batting: RHB Andy Cunningham 0-0: Foul Ball, location: 2F
0-1: Ball
1-1: Ball
2-1: DOUBLE (Line Drive, 78M, EV 104.4 MPH)
Batting: RHB Corey Dalton 0-0: Ground out 5-3 (Groundball, 56, EV 97.5 MPH)
Batting: SHB Richello Badua 0-0: Foul Ball, location: 2F
0-1: Ball
1-1: Foul Ball, location: 2F
1-2: Strikes out looking
Top of the 1st over - 0 runs, 1 hit, 0 errors, 1 left on base; Atlanta (MID) 0 - West Virginia 0
BOTTOM OF THE 1ST
West Virginia Power batting - Pitching for Atlanta (MID) Braves : RHP Mokichi Furuta
Pitching: RHP Mokichi Furuta
Batting: LHB Micah Boshnjaku 0-0: Called Strike
0-1: Foul Ball, location: 2F
0-2: Strikes out swinging
Batting: RHB Ron Corn 0-0: Ball
1-0: Ground out 5-3 (Groundball, 56, EV 88.8 MPH)
Batting: SHB Francisco Gutierrez 0-0: Ball
1-0: Ball
2-0: Called Strike
2-1: Ground out 3-1 (Groundball, 34, EV 103.1 MPH)
Bottom of the 1st over - 0 runs, 0 hits, 0 errors, 0 left on base; Atlanta (MID) 0 - West Virginia 0
TOP OF THE 2ND
Atlanta (MID) Braves batting - Pitching for West Virginia Power : RHP Dave Weinraub
Batting: LHB Tommy Williams 0-0: Called Strike
0-1: Ball
1-1: Ball
2-1: Foul Ball, location: 2F
2-2: Ball
3-2: Strikes out looking
Batting: RHB Mike Shook 0-0: Ball
1-0: Foul Ball, location: 2F
1-1: Ball
2-1: SOLO HOME RUN (Flyball, 7D, EV 103.1 MPH), Distance : 370 ft
Batting: RHB Johnny Burroughs 0-0: Called Strike
0-1: Hit by Pitch
Batting: RHB Nick Platt 0-0: Called Strike
0-1: Called Strike
0-2: Foul Ball, location: 2F
0-2: Ball
1-2: Ball
2-2: Grounds into double play, 6-4-3 (Groundball, 6, EV 81.9 MPH)
Top of the 2nd over - 1 run, 1 hit, 0 errors, 0 left on base; Atlanta (MID) 1 - West Virginia 0
BOTTOM OF THE 2ND
West Virginia Power batting - Pitching for Atlanta (MID) Braves : RHP Mokichi Furuta
Batting: SHB Brad Day 0-0: Ball
1-0: Ball
2-0: Ball
3-0: Called Strike
3-1: Foul Ball, location: 2F
3-2: Fly out, F7 (Line Drive, 7, EV 95.0 MPH)
Batting: RHB Jordan Robinson 0-0: Called Strike
0-1: Ball
1-1: Fly out, F9 (Line Drive, 9, EV 110.0 MPH)
Batting: RHB Jose Lozano 0-0: Called Strike
0-1: Foul Ball, location: 2F
0-2: Ball
1-2: Foul Ball, location: 2F
1-2: Strikes out swinging
Bottom of the 2nd over - 0 runs, 0 hits, 0 errors, 0 left on base; Atlanta (MID) 1 - West Virginia 0
TOP OF THE 3RD
Atlanta (MID) Braves batting - Pitching for West Virginia Power : RHP Dave Weinraub
Batting: SHB Juan Aguilar 0-0: Ball
1-0: Called Strike
1-1: Called Strike
1-2: Ball
2-2: Fly out, F9 (Flyball, 9D, EV 97.5 MPH)
Batting: LHB Travis Lazaro 0-0: Called Strike
0-1: Swinging Strike
0-2: Ball
1-2: Foul Ball, location: 2F
1-2: Foul Ball, location: 2F
1-2: SOLO HOME RUN (Flyball, 7LD, EV 98.1 MPH), Distance : 354 ft
Batting: RHB Andy Cunningham 0-0: Foul Ball, location: 2F
0-1: Foul Ball, location: 2F
0-2: Foul Ball, location: 2F
0-2: Foul Ball, location: 2F
0-2: Strikes out swinging
Batting: RHB Corey Dalton 0-0: Called Strike
0-1: Ball
1-1: Called Strike
1-2: Foul Ball, location: 2F
1-2: Ball
2-2: Ball
3-2: Strikes out looking
Top of the 3rd over - 1 run, 1 hit, 0 errors, 0 left on base; Atlanta (MID) 2 - West Virginia 0
BOTTOM OF THE 3RD
West Virginia Power batting - Pitching for Atlanta (MID) Braves : RHP Mokichi Furuta
Batting: RHB Ted Goldblatt 0-0: Swinging Strike
0-1: Called Strike
0-2: Strikes out looking
Batting: RHB Pleun Smit 0-0: Ground out 6-3 (Groundball, 6S, EV 73.1 MPH)
Batting: RHB John Beiswenger 0-0: Ball
1-0: Foul Ball, location: 2F
1-1: Foul Ball, location: 2F
1-2: Ground out 5-3 (Groundball, 56, EV 103.8 MPH)
Bottom of the 3rd over - 0 runs, 0 hits, 0 errors, 0 left on base; Atlanta (MID) 2 - West Virginia 0
TOP OF THE 4TH
Atlanta (MID) Braves batting - Pitching for West Virginia Power : RHP Dave Weinraub
Batting: SHB Richello Badua 0-0: Ball
1-0: Ball
2-0: Ball
3-0: Called Strike
3-1: Swinging Strike
3-2: Base on Balls
Batting: LHB Tommy Williams 0-0: Ball
1-0: Called Strike
1-1: Called Strike
1-2: Foul Ball, location: 2F
1-2: Ball
2-2: Strikes out looking
Batting: RHB Mike Shook 0-0: Called Strike
0-1: Called Strike
Richello Badua is caught stealing 2nd base 2-4
0-2: Ball
1-2: Strikes out looking
Top of the 4th over - 0 runs, 0 hits, 0 errors, 0 left on base; Atlanta (MID) 2 - West Virginia 0
BOTTOM OF THE 4TH
West Virginia Power batting - Pitching for Atlanta (MID) Braves : RHP Mokichi Furuta
Batting: LHB Micah Boshnjaku 0-0: Ball
1-0: Swinging Strike
1-1: Foul Ball, location: 2F
1-2: Ball
2-2: Ball
3-2: Ground out 1-3 (Groundball, 15S, EV 67.5 MPH)
Batting: RHB Ron Corn 0-0: Swinging Strike
0-1: Ball
1-1: Ball
2-1: Foul Ball, location: 2F
2-2: Fly out, F8 (Line Drive, 8RD, EV 90.6 MPH)
Batting: SHB Francisco Gutierrez 0-0: Ball
1-0: Ball
2-0: Called Strike
2-1: Fly out, F8 (Line Drive, 8LM, EV 105.0 MPH)
Bottom of the 4th over - 0 runs, 0 hits, 0 errors, 0 left on base; Atlanta (MID) 2 - West Virginia 0
TOP OF THE 5TH
Atlanta (MID) Braves batting - Pitching for West Virginia Power : RHP Dave Weinraub
Batting: RHB Johnny Burroughs 0-0: Called Strike
0-1: Ground out 5-3 (Groundball, 5S, EV 91.2 MPH)
Pitching: RHP R.J. Barr
Batting: RHB Nick Platt 0-0: Ball
1-0: Called Strike
1-1: Foul Ball, location: 2F
1-2: Strikes out swinging
Batting: SHB Juan Aguilar 0-0: Foul Ball, location: 2F
0-1: Ball
1-1: Fly out, F9 (Line Drive, 9D, EV 86.2 MPH)
Top of the 5th over - 0 runs, 0 hits, 0 errors, 0 left on base; Atlanta (MID) 2 - West Virginia 0
BOTTOM OF THE 5TH
West Virginia Power batting - Pitching for Atlanta (MID) Braves : RHP Mokichi Furuta
Batting: SHB Brad Day 0-0: Foul Ball, location: 2F
0-1: Foul Ball, location: 2F
0-2: Ball
1-2: Fly out, F8 (Flyball, 78D, EV 77.5 MPH)
Batting: RHB Jordan Robinson 0-0: Called Strike
0-1: Swinging Strike
0-2: Ball
1-2: Foul Ball, location: 2F
1-2: Strikes out swinging
Batting: RHB Jose Lozano 0-0: Swinging Strike
0-1: Ball
1-1: Called Strike
1-2: Strikes out swinging, 2-3 out at first.
Bottom of the 5th over - 0 runs, 0 hits, 0 errors, 0 left on base; Atlanta (MID) 2 - West Virginia 0
TOP OF THE 6TH
Atlanta (MID) Braves batting - Pitching for West Virginia Power : RHP R.J. Barr
Batting: LHB Travis Lazaro 0-0: Ground out 5-3 (Groundball, 56, EV 88.8 MPH)
Batting: RHB Andy Cunningham 0-0: Ball
1-0: Fly out, F9 (Flyball, 9D, EV 108.8 MPH)
Batting: RHB Corey Dalton 0-0: SINGLE (Groundball, 56D, EV 108.1 MPH)
Batting: SHB Richello Badua 0-0: Ball
1-0: Swinging Strike
1-1: Called Strike
1-2: Strikes out looking
Top of the 6th over - 0 runs, 1 hit, 0 errors, 1 left on base; Atlanta (MID) 2 - West Virginia 0
BOTTOM OF THE 6TH
West Virginia Power batting - Pitching for Atlanta (MID) Braves : RHP Mokichi Furuta
Batting: RHB Ted Goldblatt 0-0: Foul Ball, location: 2F
0-1: Swinging Strike
0-2: Foul Ball, location: 2F
0-2: Foul Ball, location: 2F
0-2: Strikes out swinging
Batting: RHB Pleun Smit 0-0: Swinging Strike
0-1: Ball
1-1: SINGLE (Flyball, 4MD, EV 91.9 MPH)
Batting: RHB John Beiswenger 0-0: Ball
Pleun Smit steals 2nd base
1-0: Swinging Strike
1-1: SINGLE (Line Drive, 6M, EV 96.2 MPH)
Pleun Smit to third
Batting: LHB Micah Boshnjaku 0-0: Fly out, F8 (Flyball, 8LM, EV 85.0 MPH)
Runner from 3rd tags up, SCORES, throw by CF
Batting: RHB Ron Corn 0-0: Ball
1-0: Ground out 4-3 (Groundball, 34, EV 91.2 MPH)
Bottom of the 6th over - 1 run, 2 hits, 0 errors, 1 left on base; Atlanta (MID) 2 - West Virginia 1
TOP OF THE 7TH
Atlanta (MID) Braves batting - Pitching for West Virginia Power : RHP R.J. Barr
Batting: LHB Tommy Williams 0-0: Called Strike
0-1: Called Strike
0-2: Strikes out looking
Batting: RHB Mike Shook 0-0: Foul Ball, location: 2F
0-1: Fly out, F9 (Flyball, 89D, EV 105.6 MPH)
Batting: RHB Johnny Burroughs 0-0: Ball
1-0: Swinging Strike
1-1: Foul Ball, location: 2F
1-2: Ground out 6-3 (Groundball, 6, EV 79.4 MPH)
Top of the 7th over - 0 runs, 0 hits, 0 errors, 0 left on base; Atlanta (MID) 2 - West Virginia 1
BOTTOM OF THE 7TH
West Virginia Power batting - Pitching for Atlanta (MID) Braves : RHP Mokichi Furuta
Batting: SHB Francisco Gutierrez 0-0: Ball
1-0: Ground out 4-3 (Groundball, 4, EV 76.9 MPH)
Batting: SHB Brad Day 0-0: Ball
1-0: Ball
2-0: Ball
3-0: Base on Balls
Batting: RHB Jordan Robinson 0-0: Ball
Brad Day steals 2nd base
1-0: Fly out, F9 (Line Drive, 9, EV 90.6 MPH)
Batting: RHB Jose Lozano 0-0: Ball
1-0: Foul Ball, location: 2F
1-1: Ground out 6-3 (Groundball, 6, EV 91.2 MPH)
Bottom of the 7th over - 0 runs, 0 hits, 0 errors, 1 left on base; Atlanta (MID) 2 - West Virginia 1
TOP OF THE 8TH
Atlanta (MID) Braves batting - Pitching for West Virginia Power : RHP R.J. Barr
Batting: RHB Nick Platt 0-0: Called Strike
0-1: Foul Ball, location: 2F
0-2: Strikes out swinging, 2-3 out at first.
Batting: SHB Juan Aguilar 0-0: Foul Ball, location: 2F
0-1: Ball
1-1: Ball
2-1: Swinging Strike
2-2: Foul Ball, location: 2F
2-2: Fly out, F1 (Line Drive, P, EV 73.1 MPH)
Batting: LHB Travis Lazaro 0-0: Ball
1-0: DOUBLE (Line Drive, 89M, EV 96.2 MPH)
Batting: RHB Andy Cunningham 0-0: Ball
1-0: Called Strike
1-1: Swinging Strike
1-2: Ball
2-2: Ball
3-2: SINGLE (Groundball, 56, EV 98.1 MPH)
Travis Lazaro to third
Runner from 3rd tries for Home, SAFE, throw by LF to home
Batting: RHB Corey Dalton 0-0: Ball
1-0: Ball
2-0: Ball
3-0: Base on Balls
Andy Cunningham to second
Pitching: RHP Joel Olausson
Batting: SHB Richello Badua 0-0: Ball
1-0: Called Strike
1-1: Ball
2-1: Fly out, F8 (Flyball, 8RD, EV 91.2 MPH)
Top of the 8th over - 1 run, 2 hits, 0 errors, 2 left on base; Atlanta (MID) 3 - West Virginia 1
BOTTOM OF THE 8TH
West Virginia Power batting - Pitching for Atlanta (MID) Braves : RHP Mokichi Furuta
Batting: RHB Ted Goldblatt 0-0: Called Strike
0-1: Foul Ball, location: 2F
0-2: Ground out 5-3 (Groundball, 56, EV 83.8 MPH)
Pinch Hitting: LHB Justin Harris 0-0: Foul Ball, location: 2F
0-1: Swinging Strike
0-2: Ball
1-2: Strikes out looking
Batting: RHB John Beiswenger 0-0: Ball
1-0: Ball
2-0: Foul Ball, location: 2F
2-1: Ground out 6-3 (Groundball, 6S, EV 88.1 MPH)
Bottom of the 8th over - 0 runs, 0 hits, 0 errors, 0 left on base; Atlanta (MID) 3 - West Virginia 1
TOP OF THE 9TH
Atlanta (MID) Braves batting - Pitching for West Virginia Power : RHP Joel Olausson
Now at 2B: Justin Harris
Batting: LHB Tommy Williams 0-0: Ball
1-0: Swinging Strike
1-1: Called Strike
1-2: Strikes out swinging
Batting: RHB Mike Shook 0-0: Ball
1-0: Called Strike
1-1: Called Strike
1-2: Foul Ball, location: 2F
1-2: Foul Ball, location: 2F
1-2: Strikes out swinging
Batting: RHB Johnny Burroughs 0-0: Fly out, F8 (Flyball, 8LXD, EV 108.8 MPH)
Top of the 9th over - 0 runs, 0 hits, 0 errors, 0 left on base; Atlanta (MID) 3 - West Virginia 1
BOTTOM OF THE 9TH
West Virginia Power batting - Pitching for Atlanta (MID) Braves : RHP Mokichi Furuta
Batting: LHB Micah Boshnjaku 0-0: Ball
1-0: Ball
2-0: Called Strike
2-1: Foul Ball, location: 2F
2-2: Strikes out swinging
Batting: RHB Ron Corn 0-0: Ball
1-0: Called Strike
1-1: Foul Ball, location: 2F
1-2: Strikes out swinging
Batting: SHB Francisco Gutierrez 0-0: Fly out, F5 (Popup, 5L, EV 70.6 MPH)
Bottom of the 9th over - 0 runs, 0 hits, 0 errors, 0 left on base; Atlanta (MID) 3 - West Virginia 1
Thursday, March 31st , 2022 - OOTP Baseball 22.12 Build 89